 Dungeon Crawl Stone Soup version 0.28-a0-43-g560ac104fe (webtiles) character file.

Game seed: 16320369495096887684

54157 tilp the Spry (level 14, -3/66 HPs)
             Began as a Felid Hedge Wizard on July 28, 2021.
             Was a High Priest of Vehumet.
             Killed from afar by a will-o-the-wisp (25 damage)
             ... with a foxfire
             ... on level 1 of the Swamp.
             The game lasted 02:13:34 (51221 turns).

tilp the Spry (Felid Hedge Wizard)                 Turns: 51221, Time: 02:13:35

Health: -3/66      AC:  7    Str:  6    XL:     14   Next: 33%
Magic:  7/24       EV: 28    Int: 31    God:    Vehumet [*****.]
Gold:   1876       SH:  0    Dex: 18    Spells: 2/25 levels left
                                        Lives:  0   Deaths: 2

rFire   . . .      SeeInvis +     - Unarmed
rCold   + . .      Faith    .   (shield unavailable)
rNeg    + . .      Spirit   .   (armour unavailable)
rPois   +          Reflect  .   (helmet unavailable)
rElec   .          Harm     .   (cloak unavailable)
rCorr   .          Rampage  .   (gloves unavailable)
Will    ++...                   (boots unavailable)
Stlth   +++++.....              d - amulet "Yracrufe" {Regen+ Int+4 Dex+3}
HPRegen 1.21/turn               s - +4 ring of protection
MPRegen 0.19/turn               G - ring "Qagiun" {rPois rN+ Int+4 SInv}

@: quick
A: very small, claws 1, fangs 3, see invisible, speed 1, shaggy fur 3, stealthy
paws, no weapons or thrown items, no armour, multi-lived
a: Renounce Religion


You were on level 1 of the Swamp.
You worshipped Vehumet.
Vehumet was extremely pleased with you.
You visited 6 branches of the dungeon, and saw 28 of its levels.
You also visited: Gauntlet.

You collected 2526 gold pieces.
You spent 650 gold pieces at shops.

Inventory:

Jewellery
 d - the amulet "Yracrufe" (around neck) {Regen+ Int+4 Dex+3}
   (You acquired it on level 5 of the Dungeon)

   [amulet of regeneration]

   Int:       It affects your intelligence (+4).
   Dex:       It affects your dexterity (+3).
   Regen:     It increases your rate of health regeneration.
 e - an amulet of guardian spirit
 f - a ring of magical power
 m - a +6 ring of dexterity
 o - a ring of poison resistance
 p - a ring of protection from fire
 r - a +4 ring of protection
 s - a +4 ring of protection (left paw)
 C - a ring of positive energy
 F - a ring of magical power
 G - the ring "Qagiun" (right paw) {rPois rN+ Int+4 SInv}
   (You found it in a Gauntlet)

   [ring of see invisible]

   Int:       It affects your intelligence (+4).
   rPois:     It protects you from poison.
   rN:        It protects you from negative energy.
   SInv:      It lets you see invisible.
 I - an amulet of reflection
 N - an amulet of the acrobat
 P - a +6 ring of strength
 R - a ring of ice
Wands
 c - a wand of acid (10)
 l - a wand of paralysis (30)
 u - a wand of iceblast (29)
 D - a wand of polymorph (19)
 K - a wand of charming (9)
 M - a wand of mindburst (12)
 S - a wand of flame (11)
Scrolls
 j - 9 scrolls of teleportation
 k - 7 scrolls of amnesia
 v - 4 scrolls of blinking
 x - a scroll of fear
 A - 2 scrolls of fog
 J - 2 scrolls of magic mapping
 T - a scroll of vulnerability
Potions
 a - 8 potions of cancellation
 b - 5 potions of heal wounds
 g - 3 potions of curing
 h - 3 potions of haste
 i - 13 potions of ambrosia
 n - 4 potions of might
 q - a potion of berserk rage
 t - 5 potions of lignification
 w - 2 potions of brilliance
 z - a potion of magic
 B - 2 potions of flight
 E - 2 potions of attraction
 H - 3 potions of mutation
 L - a potion of resistance
 U - a potion of invisibility
Miscellaneous
 y - a lightning rod (4/4)
 O - a phantom mirror
 Q - a box of beasts


   Skills:
 - Level 10.0 Fighting
 - Level 15.0 Dodging
 - Level 12.0 Stealth
 - Level 14.0 Unarmed Combat
 - Level 6.0 Spellcasting
 + Level 10.2 Conjurations
 - Level 8.0 Hexes
 - Level 2.0 Summonings
 - Level 4.0 Translocations
 - Level 10.0 Ice Magic
 * Level 2.8 Earth Magic
 - Level 8.0 Evocations


You had 2 spell levels left.
You knew the following spells:

 Your Spells              Type           Power      Damage    Failure   Level
a - Stone Arrow           Conj/Erth      98%        3d13      1%          3
b - Tukima's Dance        Hex            56%        N/A       1%          3
c - Blink                 Tloc           N/A        N/A       1%          2
d - Frozen Ramparts       Ice            100%       1d12      1%          3
e - Ensorcelled Hibernat  Hex/Ice        100%       N/A       1%          2
f - Hailstorm             Conj/Ice       64%        3d14      1%          4
g - Iron Shot             Conj/Erth      24%        9d5       13%         6

Your spell library contained the following spells:

 Spells                   Type           Power      Damage    Failure   Level
 Yara's Violent Unravell  Hex/Tmut       17%        3d8       7%          5
 Apportation              Tloc           68%        N/A       1%          1
 Corona                   Hex            62%        N/A       1%          1
 Foxfire                  Conj/Fire      100%       2x1d9     1%          1
 Freeze                   Ice            100%       1d11      1%          1
 Magic Dart               Conj           100%       1d8       1%          1
 Slow                     Hex            56%        N/A       1%          2
 Static Discharge         Conj/Air       40%        N/A       1%          2
 Summon Small Mammal      Summ           84%        N/A       2%          1
 Call Imp                 Summ           21%        N/A       3%          2
 Animate Skeleton         Necr           18%        N/A       4%          1
 Pain                     Necr           36%        1d5       4%          1
 Passwall                 Tmut/Erth      15%        N/A       4%          2
 Conjure Flame            Conj/Fire      40%        6-21      1%          3
 Inner Flame              Hex/Fire       34%        N/A       1%          3
 Mephitic Cloud           Conj/Pois/Air  30%        N/A       1%          3
 Cause Fear               Hex            28%        N/A       1%          4
 Sticky Flame             Conj/Fire      40%        2d6       1%          4
 Iskenderun's Battlesphe  Conj           64%        2d11      1%          5
 Gell's Gravitas          Tloc           17%        N/A       2%          3
 Lesser Beckoning         Tloc           17%        N/A       2%          3
 Teleport Other           Tloc           34%        N/A       2%          3
 Freezing Cloud           Conj/Ice/Air   25%        6-21      2%          5
 Ignite Poison            Fire/Tmut/Pois 9%         N/A       4%          3
 Call Canine Familiar     Summ           21%        N/A       6%          3
 Spider Form              Tmut/Pois      4%         N/A       14%         3
 Swiftness                Air            9%         N/A       14%         3
 Vampiric Draining        Necr           4%         2d6       14%         3
 Summon Mana Viper        Hex/Summ       40%        N/A       17%         5
 Invisibility             Hex            28%        N/A       28%         6
 Summon Lightning Spire   Summ/Air       15%        N/A       32%         4
 Spellforged Servitor     Conj/Summ      23%        N/A       61%         7
 Agony                    Necr           9%         N/A       80%         5
 Shadow Creatures         Summ           N/A        N/A       97%         6
 Haunt                    Necr/Summ      7%         N/A       100%        7
 Discord                  Hex            28%        N/A       100%        8
 Excruciating Wounds      Necr           Unusable   N/A       N/A         5

Dungeon Overview and Level Annotations

Branches:
Dungeon (15/15)            Temple (1/1) D:6            Lair (6/6) D:10
  Swamp (1/4) Lair:4       Spider (3/4) Lair:4        Slime (0/5) Lair:5
    Orc (2/2) D:9             Elf (0/3) Orc:2        Vaults (0/5) D:14
 Depths (0/5) D:15        Gauntlet (visited)

Altars:
Ashenzari
Cheibriados
Dithmenos
Elyvilon
Fedhas
Gozag
Hepliaklqana
Kikubaaqudgha
Makhleb
Nemelex Xobeh
Okawaru
Qazlal
Ru
Sif Muna
Trog
Uskayaw
Vehumet
Wu Jian
Xom
Yredelemnul
Zin
The Shining One
Beogh

Shops:
D:5 *   D:10 (   Orc:2 =*?

Annotations:
D:10 1 runed translucent door, aMcNicky's ghost, journeyman DjAr
D:11 Psyche
D:15 exclusions: 4 doors and slime creature, Rupert
Lair:2 exclusion: 3 oklob plants
Swamp:1 3 runed translucent doors, zurenarrh's ghost, adept NaFi
Spider:2 Arachne; Frances
Spider:3 exclusion: upstairs


Innate Abilities, Weirdness & Mutations

You have sharp claws.
You have razor-sharp teeth.
You have supernaturally acute eyesight. (SInv)
You cover ground quickly. (Speed+)
Your thick and shaggy fur keeps you warm. (AC +3, rC+)
Your paws help you pounce on unaware monsters.
You are incapable of wielding weapons or throwing items.
You cannot wear armour.
You gain extra lives every three experience levels.


Message History

Confirm with . or Enter, or press ? or * to list all spells.
Aiming: Stone Arrow (safe; 1% risk of failure)
Press: ? - help, Shift-Dir - straight line, f/p - tyrant leech
Aim: a tyrant leech (severely wounded, 60% to hit)
The stone arrow hits the tyrant leech!!
You kill the tyrant leech!
Vehumet accepts your kill.
You feel your power returning.
The swamp drake roars!
An alligator comes into view.
A tyrant leech comes into view.
A goliath frog comes into view.
There is a staircase back to the Lair here.
There is a staircase back to the Lair here.
The swamp drake breathes poison at you.
The noxious blast engulfs you but does no damage.
You resist.
The swamp worm fires a harpoon shot at you.
The harpoon shot hits you!
* * * LOW HITPOINT WARNING * * *
You stop ascending the stairs.
You are yanked forward by the harpoon shot.
Splash!
You fall into the shallow water.
Moving in this stuff is going to be slow.
Found 22 gold pieces.
A will-o-the-wisp comes into view.
Casting: Stone Arrow (safe; 1% risk of failure)
Confirm with . or Enter, or press ? or * to list all spells.
You blink.
Splash!
The will-o-the-wisp gives a chilling moan.
The swamp worm fires a harpoon shot at you.
The harpoon shot misses you.
The swamp worm fires a harpoon shot at you.
The harpoon shot misses you.
The will-o-the-wisp gestures.
The will-o-the-wisp conjures some foxfire! 2 foxfires come into view.
The foxfire hits you!!
You die...

.§≈.♣♣...+..
≈...≈.≈..+..
♣.≈≈.≈♣.#. ♣
♣♣..≈≈...# ♣≈♣
♣...≈≈≈.♣
♣♣♣♣≈≈♣♣♣.≈≈≈≈.♣
≈.......≈..≈≈≈.♣♣ ♣♣
≈≈≈≈≈≈.≈....<..≈♣.≈≈
≈≈≈≈≈≈≈≈≈≈≈.@≈...§≈≈.
≈§≈≈≈≈≈≈≈≈≈kv.}≈≈≈≈≈.
≈≈≈≈≈≈≈≈≈≈≈≈§..≈≈≈♣♣♣
≈.≈≈≈≈≈≈§≈≈≈§..≈≈≈♣
t..≈≈≈≈≈w§≈§≈....≈♣
...≈≈≈≈≈≈≈≈v§≈.≈≈.♣
≈..≈§≈≈≈≈≈≈§≈.....♣
≈.......≈.v≈≈.♣♣♣♣♣
≈..≈≈♣...≈.≈..≈


You could see a will-o-the-wisp, a swamp worm and a swamp drake.

Vanquished Creatures
  Kirke (Lair:5)
  Agnes (D:15)
  2 ghost moths
  4 entropy weavers
  A minotaur (Gauntlet)
  2 spark wasps (Spider:3)
  Snorg (Lair:5)
  An ice dragon (D:15)
  3 boulder beetles
  Harold (D:8)
  8 hydras
  A two-headed ogre (D:12)
  2 dancing weapons (D:14)
  A tengu warrior (D:14)
  7 orc high priests (Orc:2)
  3 skeletal warriors (D:14)
  2 large abominations (Gauntlet)
  A glowing orange brain (shapeshifter) (D:15)
  A wizard (D:15)
  2 orc knights (Orc:2)
  Pikel (D:7)
  7 orb spiders
  2 lindwurms (Lair:5)
  A deep elf pyromancer (D:14)
  15 ugly things
  21 wolf spiders
  2 manticores (D:12)
  2 orc sorcerers
  4 cyclopes
  A moth of wrath (Spider:2)
  6 elephants
  A guardian serpent (Lair:6)
  5 black mambas
  A gargoyle (D:13)
  A torpor snail (Spider:2)
  9 cane toads
  2 kobold demonologists
  5 komodo dragons
  Maggie (D:7)
  2 unseen horrors (D:12)
  12 rime drakes
  An ice devil (Gauntlet)
  A tengu conjurer (D:13)
  9 demonic crawlers
  26 jumping spiders
  A queen bee (Lair:4)
  5 meliai
  6 trolls
  A tyrant leech (Swamp:1)
  6 hornets
  Prince Ribbit (D:5)
  3 dream sheep (Lair:5)
  5 slime creatures (D:13)
  36 redbacks
  A shadow (D:10)
  36 yaks
  A centaur simulacrum (D:15)
  A vampire (D:11)
  10 wyverns
  14 tarantellas
  2 hogs (Lair:5)
  2 wraiths (D:12)
  Grum (D:11)
  4 basilisks
  9 steam dragons
  Menkaure (D:7)
  10 wargs
  A swamp worm (Lair:4)
  2 acid dragons
  17 water moccasins
  2 black bears
  Duvessa (D:7)
  3 ice beasts
  A necrophage (D:8)
  20 orc warriors
  9 wolves
  An ogre (shapeshifter) (D:13)
  3 centaurs
  6 ogres
  A gnoll sergeant (D:9)
  11 bullfrogs
  A scorpion (D:5)
  Dowan (D:7)
  3 water moccasin zombies
  A water moccasin skeleton (D:4)
  23 killer bees (Lair:4)
  7 howler monkeys
  An electric eel (D:11)
  6 small abominations (Gauntlet)
  6 centaur zombies
  5 jellies
  A bullfrog skeleton (D:5)
  36 orc priests
  2 gnoll shamans
  2 iguanas
  A centaur skeleton (D:7)
  26 orc wizards
  4 hell rats (Lair:3)
  2 killer bee zombies
  A howler monkey zombie (D:4)
  4 adders
  9 gnolls
  2 shadow imps
  4 white imps
  An adder skeleton (D:4)
  A worm (D:3)
  2 dart slugs
  89 orcs
  6 bats
  8 endoplasms
  A giant cockroach (D:2)
  2 goblins
  A hobgoblin (D:3)
  2 jackals (D:1)
  3 quokkas
  A ball python (D:2)
  A frilled lizard (D:3)
  6 kobolds
  3 rats
  A butterfly (Lair:1)
693 creatures vanquished.

Vanquished Creatures (collateral kills)
  An orc knight (D:15)
  A meliai (D:15)
  A troll (Orc:2)
  2 dream sheep (Lair:5)
  An orc warrior (Orc:1)
  2 ogres
  A phantom (D:5)
  2 bullfrogs
  2 scorpions (D:5)
  A centaur zombie (D:7)
  Jessica (D:3)
  3 orc wizards
  5 gnolls
  4 adders
  2 worms
  12 orcs
  An endoplasm (D:4)
  A giant cockroach (D:4)
  2 goblins
  4 hobgoblins
  A quokka (D:3)
  2 ball pythons
52 creatures vanquished.

Vanquished Creatures (others)
  A dancing weapon (D:14)
  A wyvern (Lair:5)
  A human (Lair:5)
  33 fungi
  61 plants
97 creatures vanquished.

Grand Total: 842 creatures vanquished

Notes
Turn   | Place    | Note
-------+----------+-------------------------------------------
     0 | D:1      | tilp the Felid Hedge Wizard began the quest for the Orb.
     0 | D:1      | Reached XP level 1. HP: 7/7 MP: 5/5
   288 | D:1      | Reached skill level 1 in Unarmed Combat
   645 | D:1      | Reached XP level 2. HP: 12/12 MP: 0/7
   713 | D:1      | Learned a level 2 spell: Call Imp
   716 | D:1      | Learned a level 2 spell: Blink
   875 | D:1      | Reached skill level 1 in Fighting
  1186 | D:1      | Found a faded altar of an unknown god.
  1735 | D:2      | Found a hazy altar of Hepliaklqana.
  1850 | D:2      | Reached XP level 3. HP: 9/15 MP: 0/8
  3098 | D:3      | Reached XP level 4. HP: 19/19 MP: 7/9
  3422 | D:3      | Noticed Jessica
  3541 | D:3      | Noticed an ice beast
  4023 | D:3      | Killed Jessica
  5215 | D:4      | Noticed an ogre
  5226 | D:4      | Reached XP level 5. HP: 22/22 MP: 5/10
  5229 | D:4      | Killed an ogre
  5230 | D:4      | Reached skill level 3 in Dodging
  5472 | D:4      | Reached skill level 4 in Dodging
  5472 | D:4      | Reached skill level 1 in Conjurations
  5685 | D:4      | Gained mutation: You are covered in thick fur. (AC +2)
                  | [Felid growth]
  5685 | D:4      | Reached XP level 6. HP: 26/26 MP: 11/11
  7515 | D:4      | Learned a level 3 spell: Frozen Ramparts
  7539 | D:5      | Entered Level 5 of the Dungeon
  7728 | D:5      | Reached skill level 1 in Ice Magic
  8176 | D:5      | Found Yfeduhimm's CLEARANCE SALE! EVERYTHING MUST GO!.
  8183 | D:5      | Bought a scroll of acquirement for 156 gold pieces
  8183 | D:5      | Bought a potion of cancellation for 24 gold pieces
  8214 | D:5      | Acquired the amulet "Yracrufe" {Regen+ Int+4 Dex+3}
  8487 | D:5      | Reached XP level 7. HP: 24/30 MP: 12/12
  9318 | D:5      | Noticed Prince Ribbit
  9623 | D:5      | Found a shadowy altar of Dithmenos.
  9986 | D:6      | Found a staircase to the Ecumenical Temple.
  9996 | Temple   | Entered the Ecumenical Temple
 10078 | Temple   | Became a worshipper of Vehumet
 10143 | D:6      | You fall into a shaft and drop 2 floors!
 10497 | D:8      | Reached XP level 8. HP: 33/33 MP: 13/13
 10691 | D:8      | Paralysed by an orc for 3 turns
 10725 | D:8      | Reached skill level 5 in Unarmed Combat
 10966 | D:7      | Noticed Menkaure
 10973 | D:7      | Killed Menkaure
 11098 | D:6      | Found a burning altar of Makhleb.
 11583 | D:7      | Noticed Duvessa
 11589 | D:7      | Noticed Dowan
 11597 | D:7      | Killed Duvessa
 11598 | D:7      | Reached skill level 5 in Ice Magic
 11632 | D:7      | Killed Dowan
 11885 | D:7      | Found a shimmering blue altar of Sif Muna.
 11885 | D:7      | Found an iron altar of Okawaru.
 12087 | D:7      | Noticed Pikel
 12439 | D:7      | Killed Pikel
 12440 | D:7      | Reached XP level 9. HP: 22/36 MP: 14/14
 12802 | D:7      | Noticed Maggie
 13274 | D:8      | Noticed Harold
 13412 | D:8      | Killed Harold
 13413 | D:8      | Reached skill level 5 in Dodging
 13413 | D:8      | Reached skill level 5 in Stealth
 13415 | D:8      | Reached * piety under Vehumet
 13415 | D:8      | Offered knowledge of Shock by Vehumet.
 13861 | D:8      | Got the Papyrus of the Oath
 13865 | D:8      | Learned a level 2 spell: Ensorcelled Hibernation
 14111 | D:9      | Reached skill level 6 in Dodging
 14453 | D:9      | Reached XP level 10. HP: 39/42 MP: 11/15
 15150 | D:9      | Found a staircase to the Orcish Mines.
 15178 | D:9      | Reached skill level 5 in Fighting
 16065 | D:10     | Entered Level 10 of the Dungeon
 16154 | D:10     | Reached skill level 7 in Dodging
 16736 | D:10     | Found Bemnothoe's Antique Weapon Shoppe.
 16967 | D:11     | Reached skill level 8 in Dodging
 17094 | D:11     | Reached ** piety under Vehumet
 17094 | D:11     | Offered knowledge of Sandblast by Vehumet.
 17095 | D:11     | Reached skill level 1 in Hexes
 17828 | D:11     | Noticed Psyche
 17977 | D:11     | Reached skill level 5 in Conjurations
 18558 | D:11     | Learned a level 4 spell: Hailstorm
 19071 | D:5      | Killed Prince Ribbit
 19209 | D:7      | Reached XP level 11. HP: 48/48 MP: 3/17
 19707 | D:10     | Found a staircase to the Lair.
 19854 | Lair:1   | Entered Level 1 of the Lair of Beasts
 19909 | Lair:1   | Offered knowledge of Poisonous Vapours by Vehumet.
 21085 | Lair:2   | Reached skill level 5 in Spellcasting
 21231 | Lair:2   | Noticed an eight-headed hydra
 21242 | Lair:2   | Killed an eight-headed hydra
 21754 | Lair:2   | Noticed an oklob plant
 21755 | Lair:2   | Noticed an oklob plant
 21756 | Lair:2   | Noticed an oklob plant
 21875 | Lair:2   | Learned a level 1 spell: Freeze
 22081 | Lair:3   | Noticed a seven-headed hydra
 22092 | Lair:3   | Killed a seven-headed hydra
 22147 | Lair:3   | Reached *** piety under Vehumet
 22431 | Lair:3   | HP: 2/48 [wolf (6)]
 23147 | Lair:3   | Offered knowledge of Fulminant Prism by Vehumet.
 23518 | Lair:3   | Gained mutation: Your thick and shaggy fur keeps you warm.
                  | (AC +3, rC+) [Felid growth]
 23518 | Lair:3   | Reached XP level 12. HP: 53/53 MP: 8/20
 24313 | Lair:3   | Reached skill level 5 in Evocations
 24691 | Lair:3   | Reached skill level 9 in Dodging
 25593 | Lair:4   | Got the Papyrus of Sharkskin
 25598 | Lair:4   | Learned a level 3 spell: Call Canine Familiar
 25710 | Lair:4   | Noticed a six-headed hydra
 25735 | Lair:4   | Killed a six-headed hydra
 25840 | Lair:4   | Found a hole to the Spider Nest.
 25891 | Lair:4   | Noticed a five-headed hydra
 25892 | Lair:4   | Noticed a six-headed hydra
 26377 | Lair:4   | Reached **** piety under Vehumet
 26380 | Lair:4   | Reached skill level 10 in Stealth
 26762 | Lair:4   | Found a staircase to the Swamp.
 26976 | Lair:5   | Noticed Snorg
 27005 | Lair:4   | Killed a five-headed hydra
 27006 | Lair:4   | Reached skill level 10 in Dodging
 27244 | Lair:4   | Offered knowledge of Stone Arrow by Vehumet.
 28108 | Lair:5   | Reached skill level 11 in Dodging
 28108 | Lair:5   | Reached skill level 10 in Unarmed Combat
 28224 | Lair:5   | Reached XP level 13. HP: 22/58 MP: 7/21
 28623 | Lair:5   | Found a staircase to the Slime Pits.
 28944 | Lair:5   | Noticed Kirke
 28959 | Lair:5   | Killed Kirke
 28960 | Lair:5   | Reached skill level 12 in Dodging
 29036 | Lair:5   | Killed Snorg
 29141 | Lair:5   | Learned a level 3 spell: Stone Arrow
 29261 | D:10     | Found a runed translucent door.
 29335 | D:10     | Found a shimmering altar of Xom.
 29335 | D:10     | Noticed aMcNicky's ghost (journeyman DjAr)
 29592 | Lair:6   | Entered Level 6 of the Lair of Beasts
 31366 | Lair:6   | Reached ***** piety under Vehumet
 31366 | Lair:6   | Offered knowledge of Lightning Bolt by Vehumet.
 31584 | Lair:6   | Learned a level 3 spell: Tukima's Dance
 31796 | Orc:1    | Entered Level 1 of the Orcish Mines
 31946 | Orc:2    | Entered Level 2 of the Orcish Mines
 33299 | Orc:2    | Found a staircase to the Elven Halls.
 33588 | Orc:2    | Reached skill level 5 in Hexes
 35277 | Orc:2    | Found Rutin's Jewellery Shop.
 35277 | Orc:2    | Found Ekkifumm's Weapon Shoppe.
 35812 | Orc:2    | Reached XP level 14. HP: 63/63 MP: 13/24
 36630 | Orc:2    | Found Ficiebou's Magic Scroll Shoppe.
 36630 | Orc:2    | Found Wapsyu's General Store.
 36653 | Orc:2    | Bought a scroll of teleportation for 42 gold pieces
 36653 | Orc:2    | Bought a scroll of teleportation for 42 gold pieces
 36653 | Orc:2    | Bought a scroll of magic mapping for 49 gold pieces
 36662 | Orc:2    | Bought a scroll of magic mapping for 52 gold pieces
 36662 | Orc:2    | Bought 2 potions of might for 120 gold pieces
 36662 | Orc:2    | Bought a wand of charming (9) for 165 gold pieces
 38545 | D:13     | Offered knowledge of Eringya's Noxious Bog by Vehumet.
 39163 | D:14     | Found a gate to the Vaults.
 39169 | D:14     | Reached skill level 10 in Conjurations
 39169 | D:14     | Reached skill level 10 in Ice Magic
 39178 | D:14     | Found a gate leading to a gauntlet.
 39187 | Gauntlet | Entered a Gauntlet
 39187 | Gauntlet | Found a transporter.
 39194 | Gauntlet | Found a transporter.
 39196 | Gauntlet | Found a transporter.
 39207 | Gauntlet | Found a transporter.
 39210 | Gauntlet | Found a transporter.
 39220 | Gauntlet | Found a transporter.
 39236 | Gauntlet | Found a transporter.
 39247 | Gauntlet | Found a transporter.
 39257 | Gauntlet | Found a transporter.
 39261 | Gauntlet | Found a runed translucent door.
 39277 | Gauntlet | Found a transporter.
 39288 | Gauntlet | Found a transporter.
 39288 | Gauntlet | Found a transporter.
 39331 | Gauntlet | Found a transporter.
 39345 | Gauntlet | Found a transporter.
 39617 | Gauntlet | Identified the +0 pair of boots "Givorewi" {Fly rPois
                  | rCorr}
 39693 | Gauntlet | Identified the ring "Qagiun" {rPois rN+ Int+4 SInv}
 39698 | Gauntlet | Acquired the Almanac of Attacks
 41054 | D:14     | Found a gate to the Vaults.
 41685 | D:15     | Entered Level 15 of the Dungeon
 41935 | D:15     | Noticed Agnes
 41966 | D:15     | Killed Agnes
 42718 | D:15     | Reached XP level 15. HP: 67/67 MP: 20/25
 42865 | D:15     | Found a staircase to the Depths.
 42901 | D:15     | Noticed Rupert
 42939 | D:15     | Found an ornate altar of the Wu Jian Council.
 42940 | D:15     | Found a basalt altar of Yredelemnul.
 42940 | D:15     | Found a glowing silver altar of Zin.
 43131 | D:7      | Killed Maggie
 43523 | D:11     | Noticed Grum
 43532 | D:11     | Killed Grum
 43534 | D:11     | Offered knowledge of Iron Shot by Vehumet.
 43985 | Spider:1 | Entered Level 1 of the Spider Nest
 44037 | Spider:1 | Reached skill level 13 in Dodging
 44354 | Spider:1 | Slain by a wolf spider
 44355 | Spider:1 | Reached XP level 14. HP: -5/64 MP: 17/24
 44888 | Lair:4   | Learned a level 6 spell: Iron Shot
 45083 | Spider:1 | Noticed a ghost moth
 45158 | Spider:1 | Killed a ghost moth
 46603 | Spider:2 | Reached skill level 10 in Fighting
 46788 | Spider:1 | Reached skill level 14 in Dodging
 47108 | Spider:2 | Reached ****** piety under Vehumet
 47610 | Spider:2 | Noticed Frances
 48056 | Spider:2 | Noticed Arachne
 48218 | Spider:2 | Offered knowledge of Yara's Violent Unravelling by Vehumet.
 48504 | Spider:2 | Reached XP level 15. HP: 69/69 MP: 18/25
 49932 | Spider:3 | Reached skill level 15 in Dodging
 50045 | Spider:3 | Noticed a ghost moth
 50048 | Spider:3 | Reached skill level 1 in Earth Magic
 50306 | Spider:3 | Slain by a ghost moth
 50307 | Spider:3 | Reached XP level 14. HP: -1/66 MP: 0/24
 50365 | Spider:3 | Killed a ghost moth
 51196 | Swamp:1  | Entered Level 1 of the Swamp
 51196 | Swamp:1  | Found a runed translucent gate.
 51196 | Swamp:1  | Found a runed translucent gate.
 51198 | Swamp:1  | Found a runed translucent gate.
 51199 | Swamp:1  | Noticed zurenarrh's ghost (adept NaFi)
 51221 | Swamp:1  | Killed from afar by a will-o-the-wisp

Illustrated notes

Levels and vault maps discovered:
D:1:      minmay_arrival_shoal_huts, layout_loops_ring, basic_ecumenical_altar,
          st_stairs_8, palyth_stone_intersect
D:2:      layout_basic, basic_altar
D:3:      minmay_evil_eye, layout_rooms, serial_rivers,
          chequers_serial_rivers_small_3, chequers_serial_rivers_large_a,
          chequers_serial_rivers_micro_e, chequers_serial_rivers_small_3,
          chequers_serial_rivers_large_b, uniq_jessica
D:4:      layout_cave_pools, abandoned_shop, minmay_pentangle
D:5:      layout_basic, grunt_dithmenos_smoke, nicolae_shop_clearance,
          uniq_prince_ribbit1
D:6:      layout_cave_pods, mainiacjoe_overflow_brackets,
          minmay_temple_entry_mist
D:7:      layout_cave_pools, gammafunk_temple_overflow_pools, uniq_pikel,
          uniq_duvessa, uniq_menkaure, uniq_maggie
D:8:      layout_rooms, minmay_parallelograms, minmay_misc_feat_enclosed,
          minmay_fractal_squares_diagonal_5, uniq_harold
D:9:      layout_loops_ring, david_orc_1_choice
D:10:     layout_basic, david_lair_generic, ebering_ghost_xom, serial_shops,
          kennysheep_mini, serial_curves, eino_curves_03, eino_curves_03
D:11:     layout_irregular_city, water_maze_lemuel, uniq_grum, uniq_psyche
D:12:     layout_irregular_city
D:13:     layout_irregular_city, serial_column_ruins,
          column_ruins_square_medium, column_ruins_grid_4,
          column_ruins_open_tiny, column_ruins_open_tiny,
          column_ruins_open_small, column_ruins_columns_straight,
          lemuel_flame_loot_1
D:14:     layout_cave_pools, erik_vaults_1, gauntlet_entry_generic
D:15:     hangedman_slaughterboxes, uniq_rupert, uniq_agnes
Temple:   compressed_dpeg_circular_temple
Lair:1:   layout_regular_city, lemuel_fruit_fields, infiniplex_staircase_pool_2
Lair:2:   layout_loops_ring, minmay_lair_oklob_chamber
Lair:3:   layout_cave_pods, bobbens_dragon_lair_wall
Lair:4:   layout_hall_layers, palyth_hydra_swamp_entry,
          spider_nest_entry_rubble, special_room [special_room_bee]
Lair:5:   layout_roguey, nicolae_slime_entry_slimehenge, uniq_snorg, uniq_kirke
Lair:6:   guppyfry_lair_end_dragon, layout_cave_pods,
          hangedman_lair_tendril_chambers, hellmonk_ghost_happy_afterlife
Swamp:1:  layout_basic_swamp, gammafunk_ghost_cemetery,
          evilmike_swamp_ruin_house_4, uniq_josephine
Spider:1: layout_spider_delve, einodemon_crawler_minivault
Spider:2: layout_chambers, nicolae_spider_jagged_tunnels, uniq_arachne,
          uniq_frances
Spider:3: layout_spider_delve
Orc:1:    layout_caves
Orc:2:    st_orc_town, layout_diamond_mine

Skill      XL: |  1  2  3  4  5  6  7  8  9 10 11 12 13 14 15 |
---------------+----------------------------------------------+-----
Unarmed Combat | 1 2 3 4 6 7 8 10 12 13 14 | 14.0
Fighting       | 1 2 4 6 8 10 9 | 10.0
Dodging        | 4 6 8 11 12 14 15 | 15.0
Stealth        | 4 6 8 10 12 | 12.0
Conjurations   | 1 2 4 5 8 10 | 10.2
Translocations | 2 3 4 |  4.0
Summonings     | 2 |  2.0
Ice Magic      | 2 4 6 8 10 | 10.0
Evocations     | 4 6 8 |  8.0
Hexes          | 3 4 6 8 |  8.0
Spellcasting   | 5 6 |  6.0
Earth Magic    | 2 1 |  2.8

Action                   |  1- 3 |  4- 6 |  7- 9 | 10-12 | 13-15 || total
-------------------------+-------+-------+-------+-------+-------++-------
Melee: Unarmed           |    39 |   133 |   162 |   397 |   573 ||  1304
       Bite              |     3 |     7 |    15 |    49 |    48 ||   122
       Punch             |       |       |     3 |    14 |    32 ||    49
 Cast: Magic Dart        |    58 |    20 |    26 |    77 |   127 ||   308
       Call Imp          |    25 |    99 |    70 |    52 |       ||   246
       Blink             |     3 |     3 |       |     7 |    35 ||    48
       Frozen Ramparts   |       |       |    35 |    87 |   103 ||   225
       Ensorcelled Hiber |       |       |     1 |    22 |   127 ||   150
       Hailstorm         |       |       |       |    69 |    60 ||   129
       Freeze            |       |       |       |     8 |     8 ||    16
       Call Canine Famil |       |       |       |     8 |     9 ||    17
       Stone Arrow       |       |       |       |       |   273 ||   273
       Tukima's Dance    |       |       |       |       |    22 ||    22
       Iron Shot         |       |       |       |       |     1 ||     1
Evoke: Wand              |       |       |     6 |     1 |     8 ||    15
       Lightning rod     |       |       |       |       |     8 ||     8
       Box of beasts     |       |       |       |       |     1 ||     1
       Phantom mirror    |       |       |       |       |     1 ||     1
  Use: Scroll            |     5 |     9 |     5 |    11 |    14 ||    44
       Potion            |       |     1 |     1 |       |     7 ||     9
 Stab: Sleeping          |       |     3 |     1 |    22 |    91 ||   117
       Distracted        |       |     5 |       |     5 |     2 ||    12
       Paralysed         |       |       |     1 |       |     2 ||     3
       Invisible         |       |       |       |       |     1 ||     1
Armor: Skin              |     4 |     8 |    15 |    80 |    89 ||   196
Dodge: Dodged            |    36 |    97 |   125 |   441 |   751 ||  1450

Table legend: (Time is in decaauts)
 A = Elapsed time spent in this place.
 B = Non-inter-level travel time spent in this place.
 C = Inter-level travel time spent in this place.
 D = Time resting spent in this place.
 E = Time spent auto-exploring this place.
 F = Levels seen in this place.
 G = Mean time per level.
                   A        B        C        D        E       F      G
               +--------+--------+--------+--------+--------+-----+--------+
         Total |  46381 |  42724 |   3657 |  20914 |  14136 |  29 | 1599.3 |
       Dungeon |  23883 |  22135 |   1748 |  10207 |   8172 |  15 | 1592.2 |
        Temple |     73 |     58 |     15 |      0 |     56 |   1 |   73.0 |
          Lair |  11374 |  10233 |   1141 |   5534 |   3055 |   6 | 1895.7 |
         Swamp |     22 |     22 |      0 |      0 |      0 |   1 |   22.0 |
   Spider Nest |   5903 |   5409 |    494 |   2502 |   1959 |   3 | 1967.7 |
  Orcish Mines |   4661 |   4404 |    257 |   2625 |    687 |   2 | 2330.5 |
      Gauntlet |    461 |    461 |      0 |     45 |    204 |   1 |  461.0 |
               +--------+--------+--------+--------+--------+-----+--------+

Top non-repeatable levels by time:
   Orc:2: 3546 daAuts
Spider:1: 3041 daAuts
  Lair:3: 2873 daAuts
  Lair:4: 2558 daAuts
     D:3: 2185 daAuts
     D:5: 2147 daAuts
     D:8: 2092 daAuts
     D:4: 1943 daAuts
    D:11: 1895 daAuts
  Lair:6: 1855 daAuts
     D:2: 1731 daAuts
     D:7: 1666 daAuts
  Lair:2: 1646 daAuts
    D:10: 1577 daAuts
Spider:2: 1530 daAuts
